 Dungeon Crawl Stone Soup version 0.16-a0-2063-g87d9768 (webtiles) character file.

158 Fiveotanaka the Cudgeler (level 5, -4/55 HPs)
             Began as an Ogre Berserker on Nov 12, 2014.
             Was a Priest of Trog.
             Killed by divine providence
             ... invoked by an orc priest
              (12 damage)
             ... on level 4 of the Dungeon.
             The game lasted 00:06:36 (3190 turns).

Fiveotanaka the Cudgeler (Ogre Berserker)           Turns: 3190, Time: 00:06:36

Health: -4/55      AC:  3    Str: 22    XL:     5   Next: 39%
Magic:  5/5        EV: 10    Int:  6    God:    Trog [***...]
Gold:   141        SH:  0    Dex: 10    Spells: 0 memorised, 4 levels left

rFire  . . .     SeeInvis .     s - +0 flail
rCold  . . .     Clarity  .     p - +0 robe
rNeg   . . .     SustAb   .     (shield restricted)
rPois  .         Gourm    +     (helmet restricted)
rElec  .         Spirit   .     (no cloak)
rCorr  .         Warding  .     (gloves unavailable)
rMut   .         Stasis   .     (boots unavailable)
MR     .....                    k - amulet of the gourmand (curse)
Stlth  +.........               (no ring)
                                l - ring of flight

@: not resistant to hostile enchantments, very unstealthy
A: unfitting armour, tough skin 1
a: Burn Spellbooks, Berserk, Trog's Hand, Renounce Religion, Evoke Flight


You were on level 4 of the Dungeon.
You worshipped Trog.
Trog was most pleased with you.
You were not hungry.

You visited 1 branch of the dungeon, and saw 4 of its levels.

You collected 141 gold pieces.

Inventory:

Hand weapons
 a - a +0 mace
 s - a +0 flail (weapon)
Armour
 b - a +0 animal skin
 d - a +0 robe
 p - a +0 robe (worn)
Jewellery
 k - a cursed amulet of the gourmand (around neck)
 l - a ring of flight (left hand)
Scrolls
 f - a scroll of enchant weapon {unknown}
 g - 3 scrolls of identify {unknown}
 h - 3 scrolls of remove curse {unknown}
 i - 3 scrolls of recharging {unknown}
 n - a scroll of enchant armour {unknown}
Potions
 o - a potion of confusion {unknown}
 q - a potion of restore abilities {unknown}
 r - a potion of mutation {unknown}
Comestibles
 c - 3 meat rations
 j - 3 bread rations
 m - 2 slices of pizza


   Skills:
 - Level 4.4 Fighting
 + Level 6.5 Maces & Flails
 - Level 1.5 Armour
 + Level 3.1 Dodging


You had 4 spell levels left.
You didn't know any spells.

Dungeon Overview and Level Annotations

Branches:
Dungeon (4/15)
 Temple: D:4-7

Altars:
Trog


Innate Abilities, Weirdness & Mutations

You are too large for most types of armour.
You have tough skin (AC +1).


Message History

You feel a bit more experienced. The orc closely misses you.
You sock the orc!
You kill the orc!
Trog accepts your kill.
Drink which item? (? for menu, Esc to quit)
You feel better.
You barely miss the orc priest. The orc priest completely misses you.
You hit the orc priest.
The orc priest is heavily wounded.
The orc priest hits you with a whip.
* * * LOW HITPOINT WARNING * * *
You hit the orc priest but do no damage.
The orc priest is heavily wounded.
The orc priest hits you with a whip.
* * * LOW HITPOINT WARNING * * *
You hit the orc priest.
The orc priest is severely wounded.
The orc priest mumbles some strange prayers to Beogh against you.
Something smites you!
You die...

#.#.o..## #...(.##
#....## #..### #.## ##.#
#..# #o## ##)@####
####......##
####.....>....##
####..............#
####....##...........##
##....####.............##
...#### #..............(#
#### ##...............# #
#................#


You could see an orc priest.

Vanquished Creatures
  2 orc wizards (D:4)
  3 adders
  2 worms
  An ooze (D:1)
  5 orcs
  A ball python (D:3)
  3 giant cockroaches (D:1)
  6 hobgoblins
  2 quokkas
  11 bats
  A giant gecko (D:3)
  3 giant newts
  9 goblins
  6 kobolds
  8 rats
63 creatures vanquished.

Notes
Turn   | Place    | Note
--------------------------------------------------------------
     0 | D:1      | Fiveotanaka, the Ogre Berserker, began the quest for the Orb.
     0 | D:1      | Reached XP level 1. HP: 24/24 MP: 1/1
   217 | D:1      | Reached XP level 2. HP: 33/33 MP: 2/2
   287 | D:1      | Acquired Trog's second power
   541 | D:1      | Reached XP level 3. HP: 40/40 MP: 3/3
   914 | D:2      | Reached skill level 5 in Maces & Flails
   953 | D:2      | Found a bloodstained altar of Trog.
  1838 | D:3      | Reached XP level 4. HP: 33/49 MP: 4/4
  2893 | D:4      | Reached skill level 6 in Maces & Flails
  2906 | D:4      | Reached XP level 5. HP: 28/55 MP: 5/5
  3190 | D:4      | Killed from afar by an orc priest

Action                   |  1- 3 |  4- 6 || total
-------------------------+-------+-------++-------
Melee: Mace              |   142 |    66 ||   208
       Flail             |       |    11 ||    11
  Use: Potion            |       |     2 ||     2
 Stab: Sleeping          |       |     1 ||     1
  Eat: Chunk             |     1 |     7 ||     8
